 Dungeon Crawl Stone Soup version 0.26-a0-651-gb41185065b (webtiles) character file.

Game seed: 10342558350125045143

60 Irenicus the Digger (level 3, -17/28 HPs)
             Began as a Deep Dwarf Earth Elementalist on Oct 16, 2020.
             Killed from afar by a bat (21 damage)
             ... with an exploding inner flame
             ... hexed by the player character
             ... on level 2 of the Dungeon.
             The game lasted 00:04:57 (773 turns).

Irenicus the Digger (Deep Dwarf Earth Elementalist)  Turns: 773, Time: 00:04:57

Health: -17/28     AC:  2    Str: 11    XL:     3   Next: 82%
Magic:  5/5        EV: 12    Int: 16    God:
Gold:   42         SH:  6    Dex: 13    Spells: 2/5 levels left

rFire    . . .     SeeInvis .   e - +0 dagger
rCold    . . .     Faith    .   i - +2 buckler
rNeg     . . .     Spirit   .   c - +0 robe
rPois    .         Reflect  .   (no helmet)
rElec    .         Harm     .   (no cloak)
rCorr    +         Rampage  .   (no gloves)
MR       .....                  (no boots)
Stlth    ++........             (no amulet)
HPRegen  0.00/turn              g - ring of resist corrosion
MPRegen  0.09/turn              (no ring)

@: non-regenerating
A: damage resistance, heal wounds, sense surroundings 1, no regeneration
a: Heal Wounds


You were on level 2 of the Dungeon.
You visited 1 branch of the dungeon, and saw 2 of its levels.

You collected 42 gold pieces.

Inventory:

Hand Weapons
 e - a +0 dagger (weapon)
   (You found it on level 1 of the Dungeon)
Armour
 c - a +0 robe (worn)
 i - a +2 buckler (worn)
   (You found it on level 1 of the Dungeon)
Jewellery
 g - a ring of resist corrosion (left hand)
   (You found it on level 1 of the Dungeon)


   Skills:
 - Level 2.1 Dodging
 - Level 2.4 Stealth
 + Level 1.1 Shields
 + Level 1.8 Spellcasting
 - Level 0.8 Transmutations
 - Level 6.1 Earth Magic


You had 2 spell levels left.
You knew the following spells:

 Your Spells              Type           Power        Failure   Level
a - Sandblast             Erth           ###...       2%          1
w - Passwall              Tmut/Erth      ##......     11%         2

Your spell library contained the following spells:

 Spells                   Type           Power        Failure   Level
 Stone Arrow              Conj/Erth      ##....       26%         3
 Lee's Rapid Deconstruct  Erth           ###.......   56%         5
 Petrify                  Tmut/Erth      ##......     58%         4


Dungeon Overview and Level Annotations

Branches:
Dungeon (2/15)

Altars:
Trog


Innate Abilities, Weirdness & Mutations

You are resistant to damage.
You can heal yourself by infusing magical energy.
You passively map a small area around you.
You do not regenerate.


Message History

Your Shields skill increases to level 1!
The bat barely misses you. The bat hits you. The jackal misses you.
You closely miss the jackal. You block the bat's attack. The bat misses you.
The jackal bites you but does no damage.
The bat hits you. The jackal barely misses you.
You closely miss the bat. You block the bat's attack.
The bat barely misses you. You block the jackal's attack.
You barely miss the jackal. The jackal barely misses you.
The bat closely misses you. The jackal misses you.
You hit the bat.
The bat is moderately wounded.
You block the bat's attack. The bat hits you but does no damage.
The jackal misses you.
You barely miss the worm. The jackal barely misses you. The bat misses you.
The worm bites you but does no damage.
The jackal bites you but does no damage.
You miss the bat.
The bat is moderately wounded.
You block the bat's attack. The bat misses you. The jackal closely misses you.
The worm bites you!
* * * LOW HITPOINT WARNING * * *
You are too injured to fight recklessly!
You take 8 damage, and have 4/28 hp.
MASSIVE DAMAGE!!
You are too injured to fight recklessly!
You are too injured to fight recklessly!
You are too injured to fight recklessly!
You are too injured to fight recklessly!
You are too injured to fight recklessly!
You are too injured to fight recklessly!
You are too injured to fight recklessly!
The bat hits you but does no damage. The jackal misses you.
The jackal closely misses you. The bat barely misses you.
You block the bat's attack. The bat hits you. The bat barely misses you.
The bat closely misses you. You block the bat's attack. The bat misses you.
You block the bat's attack. The bat hits you but does no damage.
The bat barely misses you. The bat hits you but does no damage.
The bat barely misses you. The bat hits you. The jackal bites you.
You block the bat's attack. The bat closely misses you. The bat hits you.
You block the bat's attack. The jackal closely misses you.
The bat completely misses you. The bat hits you but does no damage.
The bat closely misses you. The bat hits you but does no damage.
You block the bat's attack. The bat hits you but does no damage.
The bat hits you but does no damage. You block the bat's attack.
The bat barely misses you. The bat hits you but does no damage.
The jackal misses you. The bat hits you but does no damage.
You block the bat's attack.
You see here 13 gold pieces.
You now have 42 gold pieces (gained 13).
The bat misses you. The bat barely misses you. The jackal barely misses you.
The jackal closely misses you. The bat closely misses you.
The bat hits you but does no damage. The bat barely misses you.
The bat barely misses you.
The jackal bites you but does no damage.
The bat misses you. The bat misses you. The bat hits you but does no damage.
The jackal bites you but does no damage.
The bat hits you but does no damage. The bat barely misses you.
The jackal misses you. The bat hits you but does no damage.
You block the bat's attack. The bat hits you but does no damage.
The bat closely misses you. You block the bat's attack. The bat misses you.
The bat barely misses you. The jackal barely misses you. The bat hits you.
The bat completely misses you.
You feel a little less clever now. You block the bat's attack.
The bat hits you. The bat hits you but does no damage.
The bat closely misses you. The bat hits you. The bat closely misses you. x2
The bat hits you. You block the bat's attack. You block the bat's attack.
The bat hits you but does no damage.
As you read the scroll labeled IGHOLA YKUW, it crumbles to dust.
It is a scroll of amnesia.
Really abort (and waste the scroll)?
Okay, then.
The bat hits you but does no damage. The bat hits you.
As you read the scroll labeled PUYL JICAIQI, it crumbles to dust.
You hear a loud clanging noise!
It was a scroll of noise.
You hear a shout! x3
The bat barely misses you. The bat hits you but does no damage.
As you read the scroll labeled ZAMNALL DABUGG, it crumbles to dust.
The creatures around you are filled with an inner flame!
It was a scroll of immolation.
You block the bat's attack. The bat barely misses you.
You hit the bat.
Flame seeps out of the bat.
The bat is severely wounded.
The bat is engulfed in blazing flames.
The bat explodes!
The fiery explosion engulfs the bat!!
The bat explodes!
The fiery explosion engulfs the jackal!!
The jackal explodes!
The fiery explosion engulfs you!!
Ouch! That really hurt!
You die...

#..# #..
#....w....?.......
.#.# ##. *
#.###.............
.#.#, #.#
#.............
.#K# * * #w#
#............. #
.# * *,* * *#§#
#............. ,
#§# #.............
,, #§#
#............. #○#
#............. ,
#@# #.............
, * #.#
############## * *
#.#* * * , #.., ,
* *#.., ,, * , ,
#...,, , * #...,
,, * * #.... , , ,


You could see a worm (inner flame).

Vanquished Creatures
  2 gnolls (D:1)
  A worm (D:2)
  2 dart slugs
  3 leopard geckos
  3 bats
  3 giant cockroaches
  5 hobgoblins
  5 jackals
  2 frilled lizards (D:1)
  2 kobolds
  2 rats
30 creatures vanquished.

Notes
Turn   | Place    | Note
-------+----------+-------------------------------------------
     0 | D:1      | Irenicus the Deep Dwarf Earth Elementalist began the quest
                  | for the Orb.
     0 | D:1      | Reached XP level 1. HP: 15/15 MP: 3/3
    75 | D:1      | Reached XP level 2. HP: 22/22 MP: 1/4
   120 | D:1      | Learned a level 2 spell: Passwall
   144 | D:1      | Reached skill level 5 in Earth Magic
   262 | D:1      | Reached XP level 3. HP: 24/28 MP: 0/5
   489 | D:2      | Found a bloodstained altar of Trog.
   603 | D:2      | Reached skill level 6 in Earth Magic
   727 | D:2      | Reached skill level 1 in Shields
   733 | D:2      | HP: 4/28 [worm (8)]
   773 | D:2      | Killed from afar by a bat

Illustrated notes

Levels and vault maps discovered:
D:1:      psy_arrival_radial02, layout_rooms, serial_corexii_hall,
          corexii_hall_statues_u, corexii_hall_statues_l, minmay_pentomino_q4
D:2:      layout_basic, nicolae_overflow_crystal_walls, uniq_sigmund

Skill      XL: |  1  2  3 |
---------------+----------+-----
Earth Magic    | 5 6 |  6.1
Shields        | 1 |  1.1
Dodging        | |  2.1
Stealth        | |  2.4
Spellcasting   | |  1.8
Transmutations | |  0.8

Action                   || total
-------------------------++-------
Melee: Dagger            ||    67
 Cast: Sandblast         ||    30
       Passwall          ||     1
  Use: Scroll            ||     4
       Potion            ||     2
 Stab: Sleeping          ||     1
Armor: Robe              ||    42
Dodge: Dodged            ||   131
Block: Buckler           ||    52

Table legend: (Time is in decaauts)
 A = Elapsed time spent in this place.
 B = Non-inter-level travel time spent in this place.
 C = Inter-level travel time spent in this place.
 D = Time resting spent in this place.
 E = Time spent auto-exploring this place.
 F = Levels seen in this place.
 G = Mean time per level.
                   A        B        C        D        E       F      G
               +--------+--------+--------+--------+--------+-----+--------+
         Total |    772 |    772 |      0 |      0 |      0 |   2 |  386.0 |
       Dungeon |    772 |    772 |      0 |      0 |      0 |   2 |  386.0 |
               +--------+--------+--------+--------+--------+-----+--------+

Top non-repeatable levels by time:
     D:1: 487 daAuts
     D:2: 285 daAuts

Table legend:
 A = Kills in this place as a percentage of kills in entire the game.
 B = Kills by you in this place as a percentage of kills by you in the entire game.
 C = Kills by friends in this place as a percentage of kills by friends in the entire game.
 D = Other kills in this place as a percentage of other kills in the entire game.
 E = Experience gained in this place as a percentage of experience gained in the entire game.
 F = Experience gained in this place divided by the number of levels of this place that you have seen.
                   A       B       C       D       E      F
               +-------+-------+-------+-------+-------+----------------------
         Total | 100.0 | 100.0 |   N/A |   N/A | 100.0 |  43.5
       Dungeon | 100.0 | 100.0 |   N/A |   N/A | 100.0 |  43.5
               +-------+-------+-------+-------+-------+----------------------
